[Event "Titled Tuesday Blitz March 01 Late 2022"]
[White "P., Komal Kishore"]
[Black "Ashiev, Eduard"]
[WhiteFideId "5016703"]
[BlackFideId "4130090"]
[WhiteElo "2104"]
[BlackElo "2004"]
[Result "0-1"]
[Round "11"]
[TimeControl "180+1"]
[Date "2022.03.02"]
[WhiteClock "0:00:44"]
[BlackClock "0:00:25"]

1. e4 e5 2. Nf3 Nc6 3. Bb5 Nge7 4. O-O g6 5. c3 Bg7 6. d4 exd4 7. cxd4 d5 8. e5 O-O 9. h3 h6 10. Nc3 f6 11. exf6 Rxf6 12. Be3 Kh7 13. a3 Qd6 14. Bd3 Bf5 15. Nh4 Bxd3 16. Qxd3 Raf8 17. Rfe1 a6 18. b4 Nf5 19. Nxf5 Rxf5 20. g3 Rf3 21. Ne2 Nxd4 22. Nxd4 Rxg3+ 23. fxg3 Qxg3+ 24. Kh1 Qxh3+ 25. Kg1 Qg3+ 26. Kh1 Bxd4 27. Qxd4 Rf5 28. Bg5 Qh3+ 29. Kg1 Rxg5+ 30. Kf2 Rg2+ 0-1


[Site "https://www.chess.com"]

[Event "Titled Tuesday Blitz March 01 Late 2022"]
[White "Petrova, Irina"]
[Black "Kanyamarala, Tarun"]
[WhiteFideId "14124122"]
[BlackFideId "45004714"]
[WhiteElo "1988"]
[BlackElo "2144"]
[Result "1/2-1/2"]
[Round "11"]
[TimeControl "180+1"]
[Date "2022.03.02"]
[WhiteClock "0:00:46"]
[BlackClock "0:00:45"]

1. e4 c5 2. Nf3 Nc6 3. Bb5 g6 4. Bxc6 dxc6 5. d3 Bg7 6. Nc3 Bg4 7. Be3 c4 8. dxc4 Qxd1+ 9. Rxd1 Bxc3+ 10. bxc3 Nf6 11. e5 Ne4 12. h3 Bxf3 13. gxf3 Nxc3 14. Rd3 Na4 15. Ra3 b5 16. cxb5 cxb5 17. c4 a6 18. cxb5 axb5 19. O-O Kd7 20. Rb1 Rhb8 21. Rd3+ Ke6 22. f4 b4 23. Bd4 Ra5 24. Rdb3 Rab5 25. a3 Kd5 26. Ba1 Kc4 27. Rxb4+ Rxb4 28. Rxb4+ Rxb4 29. axb4 Kxb4 30. Bd4 Kc4 31. Be3 Nc3 32. Kg2 Kd3 33. Kf3 Ne2 34. h4 h5 35. Bc5 e6 36. Be3 Nd4+ 37. Bxd4 Kxd4 38. Kg2 Kc3 39. Kg3 Kd2 40. Kf3 Kd3 41. Kg2 Ke2 42. Kg3 Kf1 43. Kf3 Kg1 44. Kg3 Kh1 45. Kh3 Kg1 46. Kg3 Kf1 47. Kf3 Ke1 48. Ke3 Kd1 49. Kd3 Ke1 50. Ke3 Kf1 51. Kf3 1/2-1/2


[Site "https://www.chess.com"]

[Event "Titled Tuesday Blitz March 01 Late 2022"]
[White "Pinheiro, Iung Alicio de O."]
[Black "Martins, Carlos"]
[WhiteFideId "2104350"]
[BlackFideId "2101688"]
[WhiteElo "2530"]
[BlackElo "2183"]
[Result "1/2-1/2"]
[Round "11"]
[TimeControl "180+1"]
[Date "2022.03.02"]
[WhiteClock "0:00:07"]
[BlackClock "0:00:16"]

1. e4 e6 2. Qe2 c5 3. Nf3 Nc6 4. g3 Be7 5. Bg2 Nf6 6. O-O d5 7. d3 O-O 8. e5 Nd7 9. c4 d4 10. h4 f6 11. exf6 Nxf6 12. Bf4 Bd6 13. Bxd6 Qxd6 14. Re1 Ng4 15. Nbd2 e5 16. Ne4 Qe7 17. a3 h6 18. Rab1 a5 19. Nh2 Nxh2 20. Kxh2 a4 21. b3 axb3 22. Rxb3 Ra5 23. Reb1 Kh8 24. Kg1 Rf7 25. Qe1 Qf8 26. Nd2 Ra7 27. Bxc6 bxc6 28. Rb8 Rfe7 29. Ne4 Re8 30. Qe2 Rxa3 31. Qh5 Rxd3 32. Nd6 Rd8 33. Nf7+ Kh7 34. Nxd8 Qxd8 35. Qxe5 Qd7 36. Qe4+ Qf5 37. Qe8 Bd7 38. Qh8+ Kg6 39. Rf1 Qh3 40. Qf8 Rxg3+ 41. fxg3 Qxg3+ 42. Kh1 Qh3+ 43. Kg1 Qg3+ 44. Kh1 Qh3+ 45. Kg1 Qg3+ 1/2-1/2


[Site "https://www.chess.com"]

[Event "Titled Tuesday Blitz March 01 Late 2022"]
[White "Prohorov, Olexandr"]
[Black "Przybylski, Wojciech"]
[WhiteFideId "14105578"]
[BlackFideId "1117599"]
[WhiteElo "1993"]
[BlackElo "2133"]
[Result "0-1"]
[Round "11"]
[TimeControl "180+1"]
[Date "2022.03.02"]
[WhiteClock "0:00:02"]
[BlackClock "0:00:10"]

1. e4 e5 2. Nf3 Nc6 3. Nc3 Nf6 4. Bb5 Nd4 5. Nxd4 exd4 6. e5 dxc3 7. exf6 Qxf6 8. Qe2+ Qe7 9. dxc3 c6 10. Bd3 d5 11. Bf4 Be6 12. O-O-O Qd7 13. Rhe1 Be7 14. f3 O-O 15. g4 Bh4 16. Rg1 Rae8 17. Qg2 Be7 18. h4 Bd6 19. Bd2 f5 20. g5 c5 21. h5 c4 22. Bf1 f4 23. Be1 Bf5 24. Bf2 Qa4 25. Bd4 Qxa2 26. Kd2 Qxb2 27. Rc1 Ba3 28. Be2 Re3 29. Bxe3 fxe3+ 30. Kxe3 Qxc3+ 31. Kf2 Bc5+ 32. Kg3 Bd6+ 33. Kh4 Qd4+ 34. f4 Be4 35. Qf1 Rxf4+ 36. Bg4 Rxf1 37. Rgxf1 Qe3 38. Rce1 Qg3# 0-1


[Site "https://www.chess.com"]

[Event "Titled Tuesday Blitz March 01 Late 2022"]
[White "Riazantsev, Alexander"]
[Black "Zubritskiy, Artyom"]
[WhiteFideId "4125029"]
[BlackFideId "4181247"]
[WhiteElo "2595"]
[BlackElo "2459"]
[Result "1-0"]
[Round "11"]
[TimeControl "180+1"]
[Date "2022.03.01"]
[WhiteClock "0:02:17"]
[BlackClock "0:02:31"]

1. d4 f5 2. g3 Nf6 3. Bg2 g6 4. Nd2 Bg7 5. e4 d6 6. exf5 gxf5 7. d5 c6 8. c4 Qa5 9. Nh3 cxd5 10. cxd5 Nxd5 11. Qh5+ Kf8 12. Ng5 1-0


[Site "https://www.chess.com"]

[Event "Titled Tuesday Blitz March 01 Late 2022"]
[White "Romanchuk, Viktor"]
[Black "Ladan, Nicholas"]
[WhiteFideId "14109271"]
[BlackFideId "30918855"]
[WhiteElo "2242"]
[BlackElo "2378"]
[Result "1-0"]
[Round "11"]
[TimeControl "180+1"]
[Date "2022.03.02"]
[WhiteClock "0:00:20"]
[BlackClock "0:00:01"]

1. d4 d5 2. c4 c6 3. Nc3 Nf6 4. e3 e6 5. Nf3 Nbd7 6. Qc2 Bd6 7. b3 O-O 8. Bb2 b6 9. Be2 Bb7 10. O-O Rc8 11. e4 dxe4 12. Nxe4 Nxe4 13. Qxe4 Nf6 14. Qh4 h6 15. Rad1 Qe7 16. Ne5 c5 17. dxc5 Bxc5 18. Nd7 Nxd7 19. Qxe7 Bxe7 20. Rxd7 Bf6 21. Bxf6 Bc6 22. Rxa7 gxf6 23. Ra6 Rb8 24. Rd1 Rfc8 25. f3 Rc7 26. Kf2 Kf8 27. Ke3 Ke7 28. b4 f5 29. g3 b5 30. c5 Bd5 31. a3 h5 32. Bd3 Rc6 33. Ra5 Bc4 34. Bxc4 bxc4 35. Rc1 h4 36. Rxc4 hxg3 37. hxg3 Rbc8 38. Kd4 Kf6 39. b5 e5+ 40. Kd5 Re6 41. c6 e4 42. fxe4 fxe4 43. Raa4 e3 44. Rf4+ Ke7 45. Rae4 Rd8+ 46. Kc5 e2 47. Rxe6+ fxe6 48. Re4 Rd5+ 49. Kb6 Rd2 50. c7 Kd7 51. Kb7 Rc2 52. b6 e5 53. Rxe5 Rxc7+ 54. bxc7 e1=Q 55. c8=Q+ Kd6 56. Qe6# 1-0


[Site "https://www.chess.com"]

[Event "Titled Tuesday Blitz March 01 Late 2022"]
[White "Romero Ruscalleda, Josep"]
[Black "Novikova, Galina"]
[WhiteFideId "2231859"]
[BlackFideId "4157095"]
[WhiteElo "2306"]
[BlackElo "1863"]
[Result "0-1"]
[Round "11"]
[TimeControl "180+1"]
[Date "2022.03.02"]
[WhiteClock "0:00:25"]
[BlackClock "0:01:19"]

1. e4 e6 2. d4 d5 3. e5 c5 4. c3 Nc6 5. Be3 Bd7 6. Nf3 f6 7. exf6 Nxf6 8. Bd3 c4 9. Bc2 Bd6 10. O-O O-O 11. Re1 Qc7 12. h3 e5 13. dxe5 Nxe5 14. Nd4 Rae8 15. Nd2 a6 16. Bg5 b5 17. N2f3 Nxf3+ 18. Nxf3 Bc6 19. Rxe8 Rxe8 20. Bxf6 gxf6 21. Qd4 Be5 22. Qg4+ Qg7 23. Re1 Qxg4 24. hxg4 Kf7 25. g3 h6 26. Kg2 d4 27. cxd4 Bxd4 28. Rxe8 Kxe8 29. b3 c3 30. Bd1 Ke7 31. g5 hxg5 32. g4 Be5 33. Bc2 Kd6 34. Bd3 Kc5 35. a3 a5 36. Bf5 Bf4 37. Bc2 a4 38. bxa4 bxa4 39. Bd1 Kc4 40. Bc2 Ba8 41. Bxa4 Kd3 42. Bb5+ Kc2 43. Ba4+ Kb2 44. Bd1 Kxa3 45. Kf1 Bxf3 46. Bxf3 c2 47. Kg2 c1=Q 0-1


[Site "https://www.chess.com"]

[Event "Titled Tuesday Blitz March 01 Late 2022"]
[White "Rorrer, Grayson"]
[Black "Piesik, Piotr"]
[WhiteFideId "30944996"]
[BlackFideId "1136194"]
[WhiteElo "2122"]
[BlackElo "2232"]
[Result "1-0"]
[Round "11"]
[TimeControl "180+1"]
[Date "2022.03.01"]
[WhiteClock "0:00:34"]
[BlackClock "0:00:55"]

1. e4 g6 2. d4 Bg7 3. Nc3 c6 4. Be3 d5 5. e5 Nh6 6. Qd2 Nf5 7. Bf4 h5 8. Nf3 f6 9. Bd3 Kf7 10. O-O g5 11. Bxg5 fxg5 12. e6+ Kxe6 13. Bxf5+ Kf7 14. Nxg5+ Kg8 15. Be6+ Bxe6 16. Nxe6 Qd6 17. Nxg7 Kxg7 18. Qg5+ Kf7 19. Rae1 Nd7 20. Re3 Nf6 21. Rfe1 Rae8 22. Qf5 Qd7 23. Re6 Qc7 24. Ne2 Rh6 25. Nf4 Qa5 26. Nxh5 Qxe1+ 27. Rxe1 Rxh5 28. Qf4 e6 29. Re3 Rg5 30. Qxg5 1-0


[Site "https://www.chess.com"]

[Event "Titled Tuesday Blitz March 01 Late 2022"]
[White "Rosen, Eric"]
[Black "Ribeiro, Matheus Mendes Domingues"]
[WhiteFideId "2032562"]
[BlackFideId "324226923"]
[WhiteElo "2362"]
[BlackElo "1886"]
[Result "1/2-1/2"]
[Round "11"]
[TimeControl "180+1"]
[Date "2022.03.01"]
[WhiteClock "0:00:05"]
[BlackClock "0:00:11"]

1. e4 c5 2. Nc3 e6 3. f4 Nc6 4. Nf3 Nf6 5. Bb5 Nd4 6. Bd3 d5 7. e5 Nd7 8. Nxd4 cxd4 9. Ne2 Qb6 10. c3 Nc5 11. Bb1 dxc3 12. dxc3 Bd7 13. Nd4 Rc8 14. O-O Be7 15. Kh1 g6 16. Qe2 a6 17. Be3 Bb5 18. Nxb5 Qxb5 19. Qxb5+ axb5 20. a3 Nb3 21. Ra2 Bc5 22. Bxc5 Nxc5 23. Bc2 Ke7 24. Raa1 Rhd8 25. Rad1 Na4 26. Bxa4 bxa4 27. Rd4 Rc4 28. Rfd1 b5 29. Kg1 Kd7 30. Kf2 Kc6 31. Ke3 Kc5 32. g3 h5 33. h3 Rh8 34. Kf3 Rc8 35. R1d2 Rh8 36. R4d3 Rd8 37. Kg2 d4 38. Kf3 dxc3 39. Rxd8 cxd2 40. Rxd2 Rd4 41. Rc2+ Rc4 42. Rd2 Rd4 43. Rc2+ Rc4 44. Rf2 b4 45. axb4+ Kxb4 46. g4 hxg4+ 47. hxg4 Kb3 48. f5 gxf5 49. gxf5 exf5 50. Ke3 Rc2 51. Rxf5 Rc7 52. Rf2 Rc2 53. Rxf7 Kxb2 54. Rb7+ Ka2 55. e6 Rc1 56. Kd4 a3 57. Rb5 Rd1+ 58. Ke5 Re1+ 59. Kd6 Ka1 60. e7 Rd1+ 61. Rd5 Re1 62. Re5 Rxe5 63. Kxe5 a2 64. e8=Q Kb1 65. Qb5+ Ka1 66. Qa4 Kb1 67. Qb3+ Ka1 68. Qc3+ Kb1 69. Qe1+ Kb2 70. Qd2+ Kb1 71. Qd3+ Kb2 72. Qb5+ Ka1 73. Qa5 Kb1 74. Qb6+ Ka1 75. Qd4+ Kb1 76. Qd3+ Kb2 77. Qe2+ Kb1 78. Qf1+ Kb2 79. Qf2+ Kb1 80. Qg1+ Kb2 81. Qg6 a1=Q 82. Kd5 Qd1+ 83. Kc5 Qc2+ 84. Qxc2+ Kxc2 1/2-1/2


[Site "https://www.chess.com"]

[Event "Titled Tuesday Blitz March 01 Late 2022"]
[White "Rudykh, Stepan"]
[Black "Kulon, Klaudia"]
[WhiteFideId "4180321"]
[BlackFideId "1131044"]
[WhiteElo "2139"]
[BlackElo "2281"]
[Result "0-1"]
[Round "11"]
[TimeControl "180+1"]
[Date "2022.03.02"]
[WhiteClock "0:01:00"]
[BlackClock "0:01:01"]

1. e4 c5 2. Nf3 d6 3. d4 cxd4 4. Nxd4 Nf6 5. Nc3 a6 6. Be3 e5 7. Nb3 Be7 8. h3 O-O 9. g4 Be6 10. g5 Ne8 11. h4 Nc6 12. Bh3 Rc8 13. Nd5 Nc7 14. Bb6 Bxh3 15. Bxc7 Qd7 16. Bb6 Bg2 17. Rg1 Bxe4 18. Be3 Bxd5 19. Qxd5 Nb4 0-1


[Site "https://www.chess.com"]

[Event "Titled Tuesday Blitz March 01 Late 2022"]
[White "Rudzinska, Michalina"]
[Black "Carre, Sylvain"]
[WhiteFideId "1172883"]
[BlackFideId "642118"]
[WhiteElo "1904"]
[BlackElo "2105"]
[Result "1-0"]
[Round "11"]
[TimeControl "180+1"]
[Date "2022.03.02"]
[WhiteClock "0:02:19"]
[BlackClock "0:00:17"]

1. e4 e5 2. Nf3 Nf6 3. Nc3 Nc6 4. a4 Bc5 5. Nxe5 Nxe5 6. d4 Bd6 7. dxe5 Bxe5 8. Nb5 a6 9. f4 axb5 10. fxe5 Nxe4 11. Qg4 d5 12. Qxg7 Rf8 13. Bh6 Qe7 14. Qxf8+ Qxf8 15. Bxf8 Kxf8 16. Bxb5 c6 17. Bd3 Nc5 18. b3 Ke7 19. O-O-O Bg4 20. Rde1 Ke6 21. h3 Bh5 22. g4 Nxd3+ 23. cxd3 Bg6 24. Kd2 Ra6 25. Rhf1 Rb6 26. Kc3 Ke7 27. Rf6 Ra6 28. g5 Ra8 29. e6 fxe6 30. Rfxe6+ Kd7 31. Re7+ Kd6 32. Rxb7 Rf8 33. Ree7 Rf3 34. Rbd7+ Kc5 35. b4+ Kb6 36. Rb7+ Ka6 37. Ra7+ Kb6 38. Reb7# 1-0


[Site "https://www.chess.com"]

[Event "Titled Tuesday Blitz March 01 Late 2022"]
[White "Ruiz Aguilar, Pablo Alexander"]
[Black "Bryakin, Mikhail"]
[WhiteFideId "4401352"]
[BlackFideId "4165314"]
[WhiteElo "2125"]
[BlackElo "2421"]
[Result "0-1"]
[Round "11"]
[TimeControl "180+1"]
[Date "2022.03.01"]
[WhiteClock "0:00:06"]
[BlackClock "0:02:32"]

1. e4 e6 2. d4 d5 3. e5 c5 4. c3 Qb6 5. Nf3 Nc6 6. a3 c4 7. Nbd2 Na5 8. Be2 Bd7 9. O-O h6 10. Ne1 Ne7 11. f4 O-O-O 12. Kh1 g6 13. Rb1 h5 14. Ndf3 Bh6 15. g3 Qc6 16. Ng2 Qa4 17. Be3 Qxd1 18. Bxd1 b5 19. Bc2 Nac6 20. Ng5 Rdf8 21. Nh4 a5 22. Ra1 Kc7 23. Kg2 Nf5 24. Nxf5 exf5 25. Nf3 Be6 26. Bf2 Ra8 27. h4 Rhb8 28. Ng5 Bf8 29. Nh7 Be7 30. Nf6 Bxf6 31. exf6 Rb7 32. Rfe1 Nb8 33. Re5 Nd7 34. Ree1 Nxf6 35. Re2 Rba7 36. Rae1 Kd6 37. Re5 b4 38. axb4 axb4 39. R5e2 b3 40. Bb1 Ra1 41. Be3 Ne4 42. Bxe4 fxe4 43. Kf2 Bg4 44. Rxa1 Rxa1 45. Re1 Ra2 46. Bc1 Ke6 47. Ke3 Kf5 48. Rf1 Bf3 49. Re1 Kg4 50. Kf2 Ra1 51. Bd2 Ra2 52. Bc1 f6 53. Rg1 Ra1 54. Re1 Rb1 55. Rg1 Kf5 56. Re1 Ke6 57. Ke3 Bg4 58. Rg1 Kf5 59. Re1 g5 60. fxg5 fxg5 61. hxg5 Kxg5 62. Kf2+ Kf5 63. Rg1 Bf3 64. Re1 Kg4 65. Rg1 Ra1 66. Re1 Ra8 67. Bf4 Rg8 68. Be5 Kf5 69. Ke3 Ra8 70. Kf2 Ra2 71. Rb1 Kg4 72. Bd6 e3+ 73. Kxe3 Be4 74. Rf1 Rxb2 75. Rf4+ Kg5 76. Rxe4 dxe4 77. Kxe4 Rc2 78. Ba3 b2 79. Bxb2 Rxb2 80. Kd5 Rg2 81. Kxc4 Rxg3 82. d5 Kf6 83. Kc5 Ke7 84. c4 Kd7 85. Kb6 h4 86. c5 Rb3+ 87. Ka7 h3 0-1


[Site "https://www.chess.com"]

[Event "Titled Tuesday Blitz March 01 Late 2022"]
[White "Rustemov, Alexander"]
[Black "Sargsyan, Anna M."]
[WhiteFideId "4119002"]
[BlackFideId "13308130"]
[WhiteElo "2791"]
[BlackElo "2271"]
[Result "1-0"]
[Round "11"]
[TimeControl "180+1"]
[Date "2022.03.01"]
[WhiteClock "0:00:26"]
[BlackClock "0:00:06"]

1. d4 Nf6 2. c4 g6 3. Nf3 Bg7 4. g3 O-O 5. Bg2 c6 6. Nc3 d5 7. Qb3 Qb6 8. O-O Bf5 9. Bf4 Nbd7 10. Ne5 Qxd4 11. Nxd7 Nxd7 12. cxd5 cxd5 13. Rfd1 Qb6 14. Nxd5 Qxb3 15. Nxe7+ Kh8 16. axb3 Be6 17. Bxb7 Rae8 18. Bd6 Bxb2 19. Rxa7 Be5 20. Ba3 Nf6 21. Nc6 Bxb3 22. Rb1 Bc2 23. Rc1 Bf5 24. Nxe5 Kg7 25. Bxf8+ Kxf8 26. f4 Be4 27. Bxe4 Nxe4 28. Rxf7+ Kg8 29. Rcc7 1-0


[Site "https://www.chess.com"]

[Event "Titled Tuesday Blitz March 01 Late 2022"]
[White "Salinas Herrera, Pablo"]
[Black "Caruana, Fabiano"]
[WhiteFideId "3407128"]
[BlackFideId "2020009"]
[WhiteElo "2541"]
[BlackElo "2744"]
[Result "0-1"]
[Round "11"]
[TimeControl "180+1"]
[Date "2022.03.01"]
[WhiteClock "0:00:03"]
[BlackClock "0:00:09"]

1. e4 e6 2. d4 d5 3. exd5 exd5 4. Bd3 Nc6 5. Nf3 Bg4 6. c3 Qd7 7. O-O O-O-O 8. Nbd2 Bd6 9. Re1 Nge7 10. b4 f6 11. Qa4 a6 12. b5 Na7 13. Rb1 Kb8 14. Qa5 axb5 15. Bxb5 Nxb5 16. Rxb5 Nc6 17. Qa6 b6 18. Ba3 Bf5 19. Nb3 Qc8 20. Qa4 Bxa3 21. Nc5 Bxc5 22. dxc5 Bd3 23. Rb2 b5 24. c4 Bxc4 25. Reb1 Na7 26. Nd4 c6 27. h3 Rhe8 28. Qa5 Qc7 29. Qc3 Ka8 30. a4 Rb8 31. Rb4 bxa4 32. Rb6 Bb5 33. Qa5 Rb7 34. Nxb5 cxb5 35. R1xb5 a3 36. Qa4 Re1# 0-1


[Site "https://www.chess.com"]

[Event "Titled Tuesday Blitz March 01 Late 2022"]
[White "Saraci, Nderim"]
[Black "Djokic, Mihailo"]
[WhiteFideId "6351921"]
[BlackFideId "976440"]
[WhiteElo "2573"]
[BlackElo "2008"]
[Result "1-0"]
[Round "11"]
[TimeControl "180+1"]
[Date "2022.03.01"]
[WhiteClock "0:01:05"]
[BlackClock "0:00:01"]

1. b3 e5 2. Bb2 Nc6 3. e3 e4 4. c4 f5 5. Ne2 Nf6 6. Nf4 Bd6 7. Nh5 Nxh5 8. Qxh5+ g6 9. Qh6 Be5 10. Bxe5 Nxe5 11. Qg7 Nf7 12. Nc3 c6 13. d3 exd3 14. Bxd3 Qa5 15. O-O Qe5 16. Qxe5+ Nxe5 17. Bc2 d6 18. f4 Ng4 19. Rae1 Be6 20. e4 Kf7 21. exf5 Bxf5 22. Ne4 Bxe4 23. Bxe4 Rhe8 24. h3 Nf6 25. Bf3 a5 26. Kf2 Nd7 27. Rd1 Re6 28. Bg4 Re7 29. Rxd6 Nf6 30. Bf3 a4 31. b4 a3 32. b5 cxb5 33. cxb5 Ra4 34. Kg3 Rb4 35. Rd3 Rxb5 36. Rxa3 Rb2 37. Rf2 Rb4 38. Rc2 h5 39. Rb3 h4+ 40. Kxh4 Rxf4+ 41. Kg3 g5 42. Bxb7 Re1 43. Bf3 Kg6 44. Rb5 Ra1 45. Rcc5 Rxa2 46. Rxg5+ 1-0


[Site "https://www.chess.com"]

[Event "Titled Tuesday Blitz March 01 Late 2022"]
[White "Sarkar, Justin"]
[Black "Dias, Joao Batista"]
[WhiteFideId "2010011"]
[BlackFideId "2108240"]
[WhiteElo "2038"]
[BlackElo "1898"]
[Result "1-0"]
[Round "11"]
[TimeControl "180+1"]
[Date "2022.03.02"]
[WhiteClock "0:00:04"]
[BlackClock "0:01:08"]

1. e4 e5 2. f4 exf4 3. Nf3 d5 4. exd5 Nf6 5. Nc3 Nxd5 6. Bc4 Nxc3 7. bxc3 Bd6 8. O-O O-O 9. d4 Bg4 10. Qe1 Nd7 11. Qf2 h6 12. Ne1 Nb6 13. Bb3 g5 14. c4 Bb4 15. Bb2 Bxe1 16. Raxe1 Re8 17. c5 Rxe1 18. Rxe1 Nd5 19. h4 c6 20. hxg5 hxg5 21. g3 Qf6 22. c4 Ne3 23. Rxe3 Qg6 24. Re5 Qb1+ 25. Re1 Qf5 26. d5 Qd3 27. gxf4 gxf4 28. Qxf4 Qh3 29. Qg5+ Kf8 30. Qg7# 1-0


[Site "https://www.chess.com"]

[Event "Titled Tuesday Blitz March 01 Late 2022"]
[White "Stankovic, Ivan G"]
[Black "Landaw, Julian"]
[WhiteFideId "902837"]
[BlackFideId "2023342"]
[WhiteElo "2195"]
[BlackElo "2312"]
[Result "0-1"]
[Round "11"]
[TimeControl "180+1"]
[Date "2022.03.02"]
[WhiteClock "0:00:05"]
[BlackClock "0:00:08"]

1. e4 e5 2. d4 exd4 3. Qxd4 Nc6 4. Qe3 Nf6 5. Nc3 Bb4 6. Bd2 O-O 7. O-O-O Re8 8. f3 d5 9. Qf2 d4 10. Nb5 a6 11. Nxd4 Bxd2+ 12. Qxd2 Qd6 13. Nge2 Ne5 14. Nc3 b5 15. f4 b4 16. fxe5 bxc3 17. exd6 cxd2+ 18. Rxd2 Nxe4 19. Re2 cxd6 20. Re3 Bb7 21. Be2 Nc5 22. Rxe8+ Rxe8 23. Bf3 Bxf3 24. Nxf3 g6 25. Re1 Rxe1+ 26. Nxe1 Kg7 27. Kd2 Kf6 28. Kc3 Kf5 29. b4 Ne6 30. a4 Ke4 31. Nd3 Nc7 32. Kc4 h5 33. b5 axb5+ 34. axb5 Na8 35. Kb4 Kd4 36. Ka5 Kc3 37. Ka6 Kxc2 38. Nb4+ Kb3 39. Nd5 Kc4 40. Nb6+ Nxb6 41. Kxb6 d5 42. Ka6 d4 43. b6 d3 44. b7 d2 45. b8=Q d1=Q 46. Qc7+ Kd3 47. Qd7+ Kc2 48. Qxf7 Qe2+ 49. Kb6 Qe3+ 50. Kc7 Qa7+ 0-1


[Site "https://www.chess.com"]

[Event "Titled Tuesday Blitz March 01 Late 2022"]
[White "Svane, Rasmus"]
[Black "Seo, Jung Min"]
[WhiteFideId "4657101"]
[BlackFideId "1734687"]
[WhiteElo "2645"]
[BlackElo "2401"]
[Result "1/2-1/2"]
[Round "11"]
[TimeControl "180+1"]
[Date "2022.03.01"]
[WhiteClock "0:00:34"]
[BlackClock "0:00:42"]

1. Nf3 Nf6 2. g3 b5 3. Bg2 Bb7 4. O-O e6 5. d3 c5 6. e4 d6 7. a4 a6 8. b3 Be7 9. Bb2 O-O 10. Nc3 Qb6 11. h3 Nc6 12. Kh1 Rfd8 13. g4 d5 14. g5 Nh5 15. exd5 exd5 16. Ne2 d4 17. Qd2 Nb4 18. Ng3 Nxg3+ 19. fxg3 Bd6 20. Qf2 Qc7 21. Kh2 Nd5 22. axb5 axb5 23. Rxa8 Rxa8 24. Nxd4 cxd4 25. Qxd4 Bxg3+ 26. Kh1 Nf6 27. gxf6 Qxc2 28. Qg1 Bxg2+ 29. Qxg2 Qxg2+ 30. Kxg2 Ra2 31. Kxg3 Rxb2 32. Rf5 Rxb3 33. Rg5 Rxd3+ 34. Kf4 g6 35. Rxb5 h5 36. Rb8+ Kh7 37. Rf8 Rxh3 38. Rxf7+ Kh6 39. Rf8 g5+ 40. Kf5 Rf3+ 41. Ke6 g4 42. f7 Re3+ 43. Kf6 Rf3+ 44. Ke6 Re3+ 45. Kf6 Rf3+ 46. Ke6 1/2-1/2


[Site "https://www.chess.com"]

[Event "Titled Tuesday Blitz March 01 Late 2022"]
[White "Tari, Aryan"]
[Black "Sarana, Alexey"]
[WhiteFideId "1510045"]
[BlackFideId "24133795"]
[WhiteElo "2567"]
[BlackElo "2665"]
[Result "1-0"]
[Round "11"]
[TimeControl "180+1"]
[Date "2022.03.01"]
[WhiteClock "0:00:37"]
[BlackClock "0:00:01"]

1. e4 c5 2. Nc3 d6 3. f4 Nc6 4. Nf3 Nf6 5. Bb5 Bd7 6. e5 Ng4 7. O-O e6 8. d3 a6 9. Bxc6 Bxc6 10. Qe2 Nh6 11. Ne4 Be7 12. exd6 Bxd6 13. Ne5 Bxe4 14. dxe4 O-O 15. a4 Bc7 16. c3 Qe7 17. Be3 f6 18. Nc4 Rfc8 19. a5 Nf7 20. h3 Bd8 21. Qf2 Nd6 22. Nd2 Qc7 23. Qe2 Be7 24. e5 fxe5 25. fxe5 Nf5 26. Bf4 Qc6 27. Ne4 Rf8 28. Kh2 Rad8 29. Rad1 c4 30. Nd6 Kh8 31. Nxc4 Qb5 32. Qe4 Qb3 33. Nd6 Qxb2 34. Rd3 Qc2 35. Nf7+ Kg8 36. Nxd8 Bxd8 37. Qc4 Re8 38. Rfd1 Nh4 39. R1d2 1-0


[Site "https://www.chess.com"]

[Event "Titled Tuesday Blitz March 01 Late 2022"]
[White "Thavandiran, Shiyam"]
[Black "Renjith, Sravan"]
[WhiteFideId "2605058"]
[BlackFideId "4306783"]
[WhiteElo "2357"]
[BlackElo "1863"]
[Result "1-0"]
[Round "11"]
[TimeControl "180+1"]
[Date "2022.03.01"]
[WhiteClock "0:00:04"]
[BlackClock "0:00:03"]

1. e4 e5 2. Bc4 Nf6 3. d3 c6 4. Nf3 Be7 5. O-O d5 6. exd5 cxd5 7. Bb3 Nc6 8. Re1 Bg4 9. h3 Bxf3 10. Qxf3 O-O 11. Nc3 Nd4 12. Qg3 Nxb3 13. axb3 d4 14. Ne4 Nxe4 15. Rxe4 Bd6 16. Bh6 Qf6 17. Bxg7 Qxg7 18. Rg4 Qg6 19. Re1 Rac8 20. Re2 Rfe8 21. h4 Kh8 22. Rxg6 hxg6 23. h5 gxh5 24. Qf3 Kg7 25. Qxh5 Re6 26. Qg4+ Kf8 27. f4 Rce8 28. fxe5 Bxe5 29. Re4 Bf6 30. Rxe6 Rxe6 31. Qf4 Be5 32. Qf3 Re7 33. g4 Bg7 34. Qf4 Be5 35. Qf5 Re6 36. Kg2 Bd6 37. Qd5 Be7 38. Qxd4 Bf6 39. Qc5+ Kg7 40. c3 Re5 41. Qxa7 Re2+ 42. Kf3 Rxb2 43. Qxb7 Bxc3 44. g5 Rb1 45. Ke4 Re1+ 46. Kd5 Bd2 47. d4 Bxg5 48. Qd7 Kg6 49. b4 f5 50. b5 Rb1 51. Qe6+ Bf6 52. b6 Rb4 53. Kc6 Kg5 54. b7 Bxd4 55. Qe7+ Bf6 56. Qxb4 1-0


[Site "https://www.chess.com"]

[Event "Titled Tuesday Blitz March 01 Late 2022"]
[White "Van Foreest, Jorden"]
[Black "Nakamura, Hikaru"]
[WhiteFideId "1039784"]
[BlackFideId "2016192"]
[WhiteElo "2609"]
[BlackElo "2850"]
[Result "0-1"]
[Round "11"]
[TimeControl "180+1"]
[Date "2022.03.01"]
[WhiteClock "0:00:02"]
[BlackClock "0:00:06"]

1. b3 e5 2. Bb2 Nc6 3. e3 Nf6 4. Nf3 e4 5. Nd4 Ne5 6. d3 d5 7. dxe4 Nxe4 8. Be2 Bd6 9. Nb5 Bb4+ 10. c3 Ba5 11. O-O c6 12. c4 Qe7 13. Qd4 Ng6 14. Ba3 Qh4 15. cxd5 cxb5 16. Bxb5+ Kd8 17. g3 Qf6 18. Qxe4 Qxa1 19. Qa4 Bb6 20. Nd2 Qf6 21. Ne4 Qf3 22. Ng5 Qf5 23. Qg4 Ne5 24. Qh4 f6 25. Qb4 Bd7 26. Qe7+ Kc8 27. Rc1+ Bc7 28. Rxc7+ Kxc7 29. Ne6+ Kc8 30. Qc5+ Bc6 31. Qd6 Nf3+ 32. Kg2 Nh4+ 33. Kg1 Nf3+ 34. Kh1 Qb1+ 35. Kg2 Ne1+ 36. Kh3 Qf5+ 37. g4 Qf3+ 38. Kh4 Ng2+ 39. Kh5 Qh3# 0-1


[Site "https://www.chess.com"]

[Event "Titled Tuesday Blitz March 01 Late 2022"]
[White "Vargas Pereda, Jesus Manue"]
[Black "Desideri, Ricardo Maruchi"]
[WhiteFideId "5115710"]
[BlackFideId "2110440"]
[WhiteElo "1779"]
[BlackElo "1945"]
[Result "0-1"]
[Round "11"]
[TimeControl "180+1"]
[Date "2022.03.02"]
[WhiteClock "0:00:37"]
[BlackClock "0:01:02"]

1. d4 Nf6 2. Bf4 d6 3. Nf3 g6 4. Nc3 Bg7 5. e4 c6 6. Qd2 h5 7. O-O-O Nbd7 8. Bc4 b5 9. Bb3 a5 10. Bxf7+ Kxf7 11. Ng5+ Kg8 12. e5 Nd5 13. Nxd5 cxd5 14. exd6 Nf6 15. dxe7 Qxe7 16. Rhe1 Ne4 17. Qd3 Qf6 18. Nxe4 dxe4 19. Rxe4 Bf5 20. Qb3+ Kh7 21. Be5 Qg5+ 22. f4 Qxg2 23. Qf7 Rhg8 24. Rd2 Qh1+ 25. Rd1 Qxe4 0-1


[Site "https://www.chess.com"]

[Event "Titled Tuesday Blitz March 01 Late 2022"]
[White "Voit, Daria"]
[Black "Tanenbaum, Zachary"]
[WhiteFideId "4182146"]
[BlackFideId "2060850"]
[WhiteElo "2323"]
[BlackElo "2168"]
[Result "0-1"]
[Round "11"]
[TimeControl "180+1"]
[Date "2022.03.01"]
[WhiteClock "0:00:25"]
[BlackClock "0:01:15"]

1. c4 e5 2. Nc3 Nc6 3. g3 Nf6 4. Bg2 Bc5 5. Nf3 e4 6. Nh4 Qe7 7. Nf5 Qe5 8. Ne3 O-O 9. O-O d6 10. Na4 Bd4 11. Rb1 Qh5 12. b4 Bh3 13. Re1 Bxe3 14. dxe3 Ng4 15. Bxe4 Nxh2 16. Qd5 Ne5 17. Kxh2 Be6+ 18. Kg2 Qh3+ 19. Kg1 Bxd5 20. cxd5 Ng4 21. Bg2 Qh2+ 22. Kf1 f5 23. Bb2 Rae8 24. Bd4 Re4 25. Rec1 Nxf2 26. Rxc7 Rg4 27. Rxg7+ Rxg7 28. Bxg7 Qxg3 29. Bxf8 Ng4 30. Kg1 Nxe3 0-1


[Site "https://www.chess.com"]